 Dungeon Crawl Stone Soup version 0.21-a0-111-g52d2817 (webtiles) character file.

2404 Ijustatesigmund the Grappler (level 9, 0/89 HPs)
             Began as a Troll Monk on July 11, 2017.
             Was an Elder of Cheibriados.
             Slain by a two-headed ogre
             ... wielding a +0 dire flail
              (5 damage)
             ... on level 8 of the Dungeon.
             The game lasted 00:15:07 (5364 turns).

Ijustatesigmund the Grappler (Troll Monk)           Turns: 5364, Time: 00:15:07

Health: 0/89       AC:  6    Str: 35    XL:     9   Next: 23%
Magic:  11/11      EV:  9    Int: 15    God:    Cheibriados [****..]
Gold:   393        SH: 11    Dex: 24    Spells: 7/8 levels left

rFire    . . .     SeeInvis .     - Unarmed
rCold    . . .     Gourm    +   q - +0 shield
rNeg     . . .     Faith    .   a - +0 robe
rPois    +         Spirit   .   (helmet restricted)
rElec    .         Reflect  .   t - +0 cloak
rCorr    .         Harm     .   (gloves unavailable)
MR       .....                  (boots unavailable)
Stlth    ++........             (no amulet)
HPRegen  0.64/turn              c - ring of poison resistance
MPRegen  0.12/turn              p - ring of wizardry

@: mighty, very slow
A: unfitting armour, claws 3, fast metabolism 3, gourmand, regeneration 1,
shaggy fur 1, tough skin 2
a: Bend Time, Temporal Distortion, Slouch, Renounce Religion


You were on level 8 of the Dungeon.
You worshipped Cheibriados.
Cheibriados was greatly pleased with you.
You were very full.

You visited 1 branch of the dungeon, and saw 8 of its levels.

You collected 393 gold pieces.

Inventory:

Missiles
 l - 13 javelins (quivered)
 s - a throwing net
Armour
 a - a +0 robe (worn)
 q - a +0 shield (worn)
 t - a +0 cloak (worn)
Jewellery
 c - a ring of poison resistance (left claw)
 e - an uncursed ring of protection from cold
 p - a ring of wizardry (right claw)
Wands
 h - a wand of polymorph (14/24)
 n - a wand of digging (12/24)
 v - a wand of lightning (3/15)
Scrolls
 k - a scroll of remove curse
 m - 2 scrolls of identify
Potions
 i - 2 potions of agility
 j - 2 potions of resistance
Books
 d - a book of Conjurations

   Spells                             Type                      Level
   a - Magic Dart                     Conjuration                  1
   b - Searing Ray                    Conjuration                  2
   c - Dazzling Spray                 Conjuration/Hexes            3
   d - Fulminant Prism                Conjuration/Hexes            4
   e - Force Lance                    Conjuration/Translocation    4
   f - Iskenderun's Mystic Blast      Conjuration                  4
 r - a book of Changes

   Spells                             Type                      Level
   a - Beastly Appendage              Transmutation                1
   b - Sticks to Snakes               Transmutation                2
   c - Spider Form                    Transmutation/Poison         3
   d - Ice Form                       Ice/Transmutation            4
   e - Blade Hands                    Transmutation                5
Comestibles
 b - 8 bread rations
 f - 4 meat rations
 g - 3 royal jellies


   Skills:
 - Level 6.1 Fighting
 - Level 2.4 Dodging
 - Level 1.0 Stealth
 + Level 3.6 Shields
 - Level 8.3 Unarmed Combat
 - Level 4.7 Invocations


You had 7 spell levels left.
You knew the following spells:

 Your Spells              Type           Power        Failure   Level  Hunger
a - Magic Dart            Conj           #...         32%         1    ##.....


Dungeon Overview and Level Annotations

Branches:
Dungeon (8/15)             Temple (0/1) D:5
   Lair: D:8-11

Altars:
Cheibriados
Dithmenos
Elyvilon
Makhleb
Nemelex Xobeh
Qazlal
Sif Muna

Shops:
D:5 (


Innate Abilities, Weirdness & Mutations

You are too large for most types of armour.
You have claws for hands.
Your metabolism is lightning-fast.
You like to eat raw meat.
Your natural rate of healing is unusually fast.
You are covered in fur. (AC +1)
You have very tough skin. (AC +2)


Message History

The two-headed ogre hits you with a dire flail!
The two-headed ogre hits you with a giant spiked club!!
You are too injured to fight recklessly!
You are too injured to fight recklessly!
You are too injured to fight recklessly!
You are too injured to fight recklessly!
You are too injured to fight recklessly!
Okay, then.
You feel very mighty all of a sudden.
The two-headed ogre hits you but does no damage.
The two-headed ogre hits you with a giant spiked club!!
* * * LOW HITPOINT WARNING * * *
You mangle the two-headed ogre!!
The two-headed ogre is heavily wounded.
You mangle the two-headed ogre!!
The two-headed ogre is almost dead.
The two-headed ogre hits you with a dire flail!
* * * LOW HITPOINT WARNING * * *
The two-headed ogre hits you with a giant spiked club.
You die...

#..)#####..###..##.#
#...................
#####...####.<.#.#..##.#
?..............#.#..##.#
..............#.#..##..
..............##.......#
#####...####..##.#......
#............#..##.#
#..@########.##.##.#
#..O# #......†# #...#
####.#### ...... #.....
#)##.## #.#### #. #.
#.#### # .. #..... ##
#.#### #.####


You could see a two-headed ogre.

Vanquished Creatures
  A hippogriff (D:7)
  The ghost of Charly the Ruffian, an amateur NaWr of Cheibriados (D:6)
  An orc warrior (D:4)
  A necrophage (D:5)
  3 centaurs
  2 ogres
  A phantom (D:7)
  2 bullfrogs
  5 wights (D:6)
  4 crimson imps
  A bullfrog zombie (D:5)
  A quasit (D:7)
  A hound (D:5)
  4 orc priests
  6 orc wizards
  3 iguanas
  8 worker ants
  A hound zombie (D:5)
  2 hound skeletons
  Robin (D:4)
  A howler monkey skeleton (D:5)
  8 adders
  An ooze (D:5)
  An adder zombie (D:6)
  An adder skeleton (D:4)
  3 worms
  2 dart slugs
  A leopard gecko (D:2)
  26 orcs
  3 giant cockroaches
  16 goblins
  15 hobgoblins
  14 jackals
  2 quokkas
  A ball python (D:2)
  9 bats
  9 frilled lizards
  A jackal skeleton (D:7)
  7 kobolds
  17 rats
187 creatures vanquished.

Notes
Turn   | Place    | Note
-------+----------+-------------------------------------------
     0 | D:1      | Ijustatesigmund the Troll Monk began the quest for the Orb.
     0 | D:1      | Reached XP level 1. HP: 22/22 MP: 0/0
   115 | D:1      | Reached XP level 2. HP: 24/29 MP: 1/1
   253 | D:1      | Reached skill level 4 in Unarmed Combat
   351 | D:1      | Reached XP level 3. HP: 36/36 MP: 2/2
   816 | D:2      | Found a faded altar of an unknown god.
   921 | D:2      | Found a deep blue altar of Sif Muna.
  1248 | D:2      | Found a shadowy altar of Dithmenos.
  1293 | D:2      | Reached XP level 4. HP: 44/44 MP: 3/3
  1582 | D:3      | Noticed Robin
  1601 | D:4      | Reached skill level 5 in Unarmed Combat
  1744 | D:4      | Killed Robin
  1744 | D:4      | Reached XP level 5. HP: 49/53 MP: 4/4
  1759 | D:4      | HP: 2/53 [iguana (3)]
  2024 | D:3      | Reached XP level 6. HP: 39/62 MP: 5/5
  2351 | D:4      | Reached skill level 6 in Unarmed Combat
  2477 | D:4      | Found a snail-covered altar of Cheibriados.
  2486 | D:4      | Became a worshipper of Cheibriados the Contemplative
  2486 | D:4      | Reached * piety under Cheibriados
  2486 | D:4      | Reached ** piety under Cheibriados
  2501 | D:4      | Noticed an orc warrior
  2516 | D:4      | HP: 2/62 [worker ant (7)]
  2557 | D:4      | Killed an orc warrior
  2557 | D:4      | Reached skill level 1 in Invocations
  2557 | D:4      | Reached XP level 7. HP: 11/71 MP: 5/7
  2712 | D:4      | Learned a level 1 spell: Magic Dart
  2921 | D:5      | Entered Level 5 of the Dungeon
  3159 | D:5      | Found a staircase to the Ecumenical Temple.
  3184 | D:5      | Reached skill level 5 in Fighting
  3210 | D:5      | Found a sparkling altar of Nemelex Xobeh.
  3301 | D:5      | Found a burning altar of Makhleb.
  3303 | D:5      | Found a stormy altar of Qazlal.
  3311 | D:5      | Reached skill level 7 in Unarmed Combat
  3422 | D:5      | Found Lotreime's Antique Weapon Boutique.
  3615 | D:5      | Reached XP level 8. HP: 66/80 MP: 9/9
  3824 | D:6      | Reached *** piety under Cheibriados
  4092 | D:6      | Found a white marble altar of Elyvilon.
  4350 | D:6      | Noticed Charly's ghost (amateur NaWr)
  4424 | D:6      | Killed Charly's ghost
  4424 | D:6      | Reached skill level 8 in Unarmed Combat
  4945 | D:7      | Reached skill level 1 in Shields
  4946 | D:7      | Found a white marble altar of Elyvilon.
  4947 | D:7      | Noticed a hippogriff
  4952 | D:7      | Killed a hippogriff
  4952 | D:7      | Reached XP level 9. HP: 88/89 MP: 11/11
  5055 | D:8      | Reached **** piety under Cheibriados
  5358 | D:8      | Noticed a two-headed ogre
  5364 | D:8      | Slain by a two-headed ogre

Vault maps used:
D:1:      dpeg_arrival_morbid_curiosity
D:2:      grunt_dithmenos_smoke_and_mirrors, lemuel_crystal_altar,
          chequers_ecumenical_altar_island, minmay_rat_gold_closets
D:3:      uniq_robin
D:4:      overflow_temple_1_default
D:5:      grunt_temple_overflow_open, temple_statues, serial_shops,
          nicolae_shop_behind_doors, basic_altar, first_bread,
          lemuel_old_faithful
D:6:      elyvilon_altar_1
D:7:      old_standard_altar
D:8:      grunt_temple_overflow_opulence, nicolae_overflow_crystal_walls

Skill      XL: |  1  2  3  4  5  6  7  8  9 |
---------------+----------------------------+-----
Unarmed Combat | 4 5 6 7 8 |  8.3
Fighting       | 3 4 5 6 |  6.1
Invocations    | 1 3 4 |  4.7
Shields        | 2 3 |  3.6
Dodging        | |  2.4
Stealth        | |  1.0

Action                   |  1- 3 |  4- 6 |  7- 9 || total
-------------------------+-------+-------+-------++-------
Melee: Unarmed           |   113 |   179 |   165 ||   457
       Punch             |     1 |     5 |    13 ||    19
  Use: Scroll            |     4 |     2 |     6 ||    12
       Potion            |     1 |     5 |     3 ||     9
 Stab: Sleeping          |     8 |       |     4 ||    12
  Eat: Chunk             |    16 |    13 |    16 ||    45
Armor: Robe              |    40 |    79 |    44 ||   163
Dodge: Dodged            |    48 |   132 |    83 ||   263
Block: Shield            |       |       |    21 ||    21
